 Dungeon Crawl Stone Soup version 0.23.0 (webtiles) character file.

Game seed: 5411504462014151297

14729 Trogdor the Summoner (level 11, -11/93 HPs)
             Began as a Deep Dwarf Summoner on Feb 20, 2019.
             Was a Priest of Ru.
             Mangled by a death yak (17 damage)
             ... on level 3 of the Lair of Beasts on Feb 21, 2019.
             The game lasted 02:46:54 (17694 turns).

Trogdor the Summoner (Deep Dwarf Summoner)         Turns: 17694, Time: 02:46:55

Health: -11/93     AC:  6    Str: 10    XL:     11   Next: 92%
Magic:  6/6        EV: 16    Int: 26    God:    Ru [***...]
Gold:   925        SH:  0    Dex: 14    Spells: 1/27 levels left

rFire    . . .     SeeInvis .   N - +1 falchion of Domination {vamp, *Rage rPois Int+8}
rCold    + + .     Gourm    .   (shield unavailable)
rNeg     . . .     Faith    +   F - +2 robe {rC+}
rPois    +         Spirit   .   H - +2 hat
rElec    .         Reflect  .   (no cloak)
rCorr    .         Harm     .   (no gloves)
MR       +....     Rnd*Rage +   (no boots)
Stlth    ++........             q - amulet of faith
HPRegen  0.00/turn              (ring unavailable)
MPRegen  0.10/turn              s - ring of protection from cold

@: non-regenerating, lightly drained
A: damage resistance, heal wounds, sense surroundings 2, weak 1, missing a hand,
no regeneration
a: Heal Wounds, Draw Out Power, Renounce Religion


You were on level 3 of the Lair of Beasts.
You worshipped Ru.
Ru was most pleased with you.
You were not hungry.

You visited 3 branches of the dungeon, and saw 15 of its levels.
You also visited: Ossuary and Volcano.

You collected 925 gold pieces.

Inventory:

Hand Weapons
 a - a +1 scythe of pain
 e - a +0 club
 k - a +0 dagger
 l - a +3 whip of freezing
 C - a +8 halberd
 N - the +1 falchion of Domination (weapon) {vamp, *Rage rPois Int+8}
   (You found it on level 6 of the Dungeon)

   It inflicts no extra harm, but heals its wielder when it wounds a living foe.
   It affects your intelligence (+8).
   It protects you from poison.
   It may make you go berserk in combat.
 S - a +5 dagger of freezing
 X - the +2 trident of Muboifor {pierce, *Noise rPois Str+9 Stlth+}
   (You found it on level 2 of the Lair of Beasts)

   It inflicts extra damage upon your enemies.
   It affects your strength (+9).
   It protects you from poison.
   It may make noises in combat.
   It makes you more stealthy.
Missiles
 b - 2 throwing nets
 d - 396 stones (quivered)
Armour
 F - a +2 robe of cold resistance (worn)
 G - a +5 chain mail
 H - a +2 hat (worn)
 J - a +0 robe of cold resistance
Magical Staves
 P - an uncursed staff of summoning
 Q - an uncursed staff of conjuration
Jewellery
 q - an amulet of faith (around neck)
 s - a ring of protection from cold (right hand)
Wands
 r - a wand of polymorph (22)
 E - a wand of flame (43)
 K - a wand of digging (7)
 R - a wand of disintegration (12)
 T - a wand of paralysis (8)
 W - a wand of random effects (15)
Scrolls
 f - 2 scrolls of immolation
 h - a scroll of enchant armour
 i - 5 scrolls of remove curse
 j - 3 scrolls of noise
 n - 3 scrolls of identify
 o - 8 scrolls of teleportation
 u - 6 scrolls of enchant weapon
 w - 2 scrolls of blinking
 y - 6 scrolls of fog
 O - a scroll of torment
 U - a scroll of vulnerability {unknown}
 V - 2 scrolls of silence
 Y - a scroll of brand weapon {unknown}
Potions
 g - a potion of agility
 m - a potion of invisibility
 p - a potion of berserk rage
 t - a potion of heal wounds
 v - a potion of haste
 z - 2 potions of curing
 A - a potion of lignification {unknown}
 B - 2 potions of resistance {unknown}
 D - a potion of experience {unknown}
 L - a potion of brilliance {unknown}
 Z - a potion of mutation {unknown}
Miscellaneous
 M - a lamp of fire
Comestibles
 c - 14 rations


   Skills:
 + Level 4.6 Fighting
 + Level 8.3 Long Blades
 - Level 0.1 Polearms
 + Level 7.2 Dodging
 - Level 2.4 Stealth
 - Level 8.5(8.4) Spellcasting
 + Level 2.0 Hexes
 - Level 9.7 Summonings
 + Level 0.2 Translocations
 + Level 5.1(5.0) Ice Magic
 - Level 2.4 Air Magic
 + Level 0.1 Poison Magic


You had one spell level left.
You knew the following spells:

 Your Spells              Type           Power        Failure   Level  Hunger
a - Summon Small Mammal   Summ           ####         1%          1    None
b - Call Imp              Summ           ######..     1%          2    None
c - Call Canine Familiar  Summ           ######..     1%          3    None
d - Summon Guardian Gole  Hex/Summ       #####...     1%          3    None
e - Summon Ice Beast      Ice/Summ       #####...     2%          4    ##.....
f - Summon Lightning Spi  Summ/Air       #####...     4%          4    ##.....
g - Blink                 Tloc           N/A          8%          2    None
h - Mephitic Cloud        Conj/Pois/Air  ###.....     12%         3    None
i - Magic Dart            Conj           ##..         5%          1    None
j - Conjure Flame         Conj/Fire      ##......     16%         3    None

Your spell library contained the following spells:

 Spells                   Type           Power        Failure   Level  Hunger
 Slow                     Hex            ###.....     3%          2    None


Dungeon Overview and Level Annotations

Branches:
Dungeon (10/15)            Temple (1/1) D:6            Lair (4/6) D:10
 Shoals (0/4) Lair:4       Spider (0/4) Lair:2          Orc (0/2) D:10

Altars:
Ashenzari
Cheibriados
Dithmenos
Elyvilon
Fedhas
Gozag
Hepliaklqana
Kikubaaqudgha
Makhleb
Nemelex Xobeh
Okawaru
Qazlal
Ru
Sif Muna
Trog
Uskayaw
Vehumet
Wu Jian
Xom
Yredelemnul
Zin
The Shining One
Beogh

Annotations:
D:2 Natasha
Lair:4 Ihryk's ghost, journeyman DDFi


Innate Abilities, Weirdness & Mutations

You are resistant to damage.
You can heal yourself by infusing magical energy.
You passively map the area around you.
You are weak. (Str -2)
You are missing a hand.
You do not regenerate.


Message History

You hit the death yak but do no damage.
The death yak is lightly wounded.
The death yak closely misses you. x2
You hit the death yak but do no damage.
The death yak is lightly wounded.
The death yak barely misses you.
You riposte.
You hit the death yak.
You feel better.
The death yak is lightly wounded.
The death yak completely misses you.
You riposte.
You hit the death yak.
You feel better.
The death yak is lightly wounded.
You hit the death yak.
You feel better.
The death yak is lightly wounded.
The death yak gores you.
* * * LOW HITPOINT WARNING * * *
You hit the death yak.
You feel better.
The death yak is moderately wounded.
The death yak is stunned by your will and fails to attack.
The death yak gores you!!
You die...

.###.P.......#..# #..P####
...+.#..........## ##..# #
#............#...#### ###.#####
...#..#...#.....P.#.#####........
.........(.......................
.................................
...............................P.
#...............(..........P..PP#
.#..............@Y...............
.................Y...............
P###....P#####.###.........#.....
.......### ### ##.....(..P.....
P......# #..<.....P..... .....P.#
#...P....###... +......##
#...P..#....... #....P..#
##.............. .....#.##
#.......#.......


You could see 2 death yaks.

Vanquished Creatures
  A deep elf mage (D:9)
  2 spiny frogs (Lair:2)
  A blink frog (Lair:3)
  A hippogriff (Lair:1)
  A wyvern (D:9)
  A fire bat (Lair:4)
  A yak (D:9)
  A water moccasin (Lair:2)
  A porcupine (Lair:4)
  The ghost of retro the Magician, an amateur SpSu (D:4)
  A sky beast (D:6)
  An ogre (D:6)
  A wolf (Lair:3)
  3 centaurs (D:6)
  A crocodile (Lair:3)
  A big kobold (D:8)
  3 bullfrogs
  A scorpion (D:6)
  A howler monkey (D:7)
  3 crimson imps (D:6)
  A centaur zombie (D:9)
  A hound (D:6)
  4 orc wizards
  A worker ant (Lair:2)
  4 iguanas
  Natasha (D:2)
  A big kobold zombie (Ossuary)
  A hound skeleton (D:6)
  A gnoll (D:9)
  4 adders
  A shadow imp (D:6)
  An adder skeleton (D:9)
  A worm (D:2)
  3 dart slugs
  3 leopard geckos
  11 orcs
  3 giant cockroaches
  A goblin (D:3)
  2 hobgoblins
  3 jackals
  4 quokkas
  6 bats
  2 frilled lizards
  A goblin zombie (Ossuary)
  6 kobolds
  5 rats
99 creatures vanquished.

Vanquished Creatures (collateral kills)
  A two-headed ogre (D:8)
  An ogre mage (Volcano)
  The ghost of TheOrbIsALie the Covert, a novice VSAs of Uskayaw (D:8)
  A manticore (Lair:4)
  4 black mambas
  2 elephants (Lair:3)
  Joseph (D:8)
  6 spiny frogs
  2 komodo dragons
  2 rime drakes
  A troll (D:10)
  A hornet (Lair:2)
  9 blink frogs
  4 hippogriffs
  A spectral dream sheep (Lair:4)
  Sigmund (D:4)
  A wyvern (Lair:2)
  12 yaks
  A vampire (D:10)
  2 fire bats (Lair:4)
  Eustachio (D:4)
  A basilisk (Lair:2)
  Menkaure (D:7)
  6 water moccasins
  10 porcupines
  2 spectral torpor snails (Lair:4)
  3 ice beasts
  5 orc warriors
  A sky beast (D:5)
  2 ogres
  7 wolves
  4 centaurs
  3 crocodiles (Lair:2)
  A big kobold (D:6)
  8 bullfrogs
  3 scorpions
  A wyvern skeleton (D:10)
  9 killer bees (D:7)
  5 wights (D:9)
  5 howler monkeys
  5 lava snakes (Volcano)
  2 crimson imps
  2 quasits
  2 centaur skeletons (D:5)
  2 human zombies (Ossuary)
  2 hounds
  13 orc wizards
  8 orc priests
  A bullfrog skeleton (D:8)
  4 iguanas
  Natasha (D:2)
  6 worker ants
  A killer bee zombie (D:5)
  A hound skeleton (D:5)
  5 mummies
  2 gnolls (D:9)
  6 adders
  2 shadow imps
  An adder skeleton (D:4)
  5 worms
  4 dart slugs
  2 leopard geckos
  46 orcs
  A ball python (D:3)
  2 giant cockroaches
  A gnoll zombie (Ossuary)
  6 goblins
  2 hobgoblins
  8 jackals
  15 kobolds
  3 quokkas
  2 frilled lizards
  A hobgoblin zombie (Ossuary)
  A jackal zombie (D:9)
  A kobold zombie (Ossuary)
  An orc zombie (Ossuary)
  3 rats
  7 fungi (D:10)
  5 plants (D:10)
314 creatures vanquished.

Vanquished Creatures (others)
  The ghost of Ihryk the Cleaver, a novice DDFi of Makhleb (D:9)
  2 two-headed ogres (Volcano)
  A yak (Lair:2)
  A bush (D:10)
  15 fungi
  10 plants
  A withered plant (D:7)
31 creatures vanquished.

Grand Total: 444 creatures vanquished

Notes
Turn   | Place    | Note
-------+----------+-------------------------------------------
     0 | D:1      | Trogdor the Deep Dwarf Summoner began the quest for the
                  | Orb.
     0 | D:1      | Reached XP level 1. HP: 15/15 MP: 3/3
   241 | D:1      | Reached skill level 4 in Summonings
   342 | D:1      | Reached XP level 2. HP: 19/22 MP: 0/4
   432 | D:1      | Learned a level 2 spell: Call Imp
  1121 | D:2      | Reached XP level 3. HP: 24/28 MP: 1/6
  1129 | D:2      | Learned a level 3 spell: Call Canine Familiar
  1533 | D:2      | Noticed Natasha
  1552 | D:2      | Killed Natasha
  1716 | D:2      | Noticed Natasha
  1724 | D:2      | Killed Natasha
  1724 | D:2      | Reached XP level 4. HP: 22/36 MP: 0/6
  1770 | D:2      | Noticed Natasha
  2085 | D:3      | Learned a level 3 spell: Summon Guardian Golem
  2104 | D:3      | Found a hide-covered altar of Uskayaw.
  2110 | D:3      | Reached skill level 5 in Summonings
  2185 | D:3      | Found a hazy altar of Hepliaklqana.
  2399 | D:4      | Found a sand-covered staircase.
  2413 | D:4      | Reached XP level 5. HP: 31/42 MP: 3/8
  2419 | Ossuary  | Entered an ossuary
  2894 | D:4      | Reached XP level 6. HP: 39/49 MP: 2/9
  3114 | D:4      | Noticed Sigmund
  3135 | D:4      | Killed Sigmund
  3174 | D:3      | Reached skill level 6 in Summonings
  3489 | D:4      | Noticed Eustachio
  3496 | D:4      | Killed Eustachio
  3496 | D:4      | Reached XP level 7. HP: 35/55 MP: 4/11
  3558 | D:4      | Learned a level 4 spell: Summon Ice Beast
  3741 | D:4      | Found a runed translucent gate.
  3742 | D:4      | Found a runed translucent gate.
  3743 | D:4      | Found a roughly hewn altar of Beogh.
  3743 | D:4      | Found a runed translucent gate.
  3743 | D:4      | Noticed retro's ghost (amateur SpSu)
  4394 | D:4      | Killed retro's ghost
  4482 | D:5      | Entered Level 5 of the Dungeon
  4574 | D:5      | Noticed a spatial vortex
  4574 | D:5      | Noticed a spatial vortex
  4574 | D:5      | Noticed a spatial vortex
  4996 | D:5      | Reached skill level 5 in Spellcasting
  4996 | D:5      | Reached skill level 1 in Ice Magic
  5803 | D:6      | Reached skill level 7 in Summonings
  5803 | D:6      | Reached XP level 8. HP: 52/62 MP: 5/13
  5891 | D:6      | Found a staircase to the Ecumenical Temple.
  6045 | Temple   | Entered the Ecumenical Temple
  6190 | Temple   | Became a worshipper of Ru the Awakened
  6636 | D:6      | Got a smoking falchion
  6637 | D:6      | Identified the cursed +1 falchion of Domination {vamp,
                  | *Rage rPois Int+8} (You found it on level 6 of the Dungeon)
  6648 | D:6      | Learned a level 4 spell: Summon Lightning Spire
  6651 | D:6      | Learned a level 2 spell: Blink
  6814 | D:6      | Found a glowing golden altar of the Shining One.
  6988 | D:7      | Reached skill level 8 in Summonings
  7011 | D:7      | Noticed a hippogriff
  7068 | D:7      | Killed a hippogriff
  7068 | D:7      | Reached skill level 1 in Long Blades
  7141 | D:7      | Gained mutation: You passively map the area around you.
                  | [Deep Dwarf growth]
  7141 | D:7      | Reached XP level 9. HP: 42/68 MP: 8/15
  7142 | D:7      | Found an ancient bone altar of Kikubaaqudgha.
  7168 | D:7      | Noticed Menkaure
  7703 | D:7      | Reached skill level 1 in Air Magic
  7780 | D:7      | Killed Menkaure
  7997 | D:7      | Learned a level 3 spell: Mephitic Cloud
  8368 | D:8      | Noticed Joseph
  8492 | D:8      | Killed Joseph
  8581 | D:8      | Gained mutation: You are weak. (Str -2) [Ru sacrifice]
  8898 | D:8      | Noticed a two-headed ogre
  8930 | D:8      | Killed a two-headed ogre
  9226 | D:8      | Found a large runed translucent door.
  9226 | D:8      | Found a large runed translucent door.
  9229 | D:8      | Noticed TheOrbIsALie's ghost (novice VSAs)
  9328 | D:8      | Killed TheOrbIsALie's ghost
  9328 | D:8      | Reached skill level 9 in Summonings
  9614 | D:9      | Learned a level 1 spell: Magic Dart
  9628 | D:9      | Found a large runed translucent door.
  9628 | D:9      | Found a large runed translucent door.
  9631 | D:9      | Noticed Ihryk's ghost (novice DDFi)
  9798 | D:9      | Noticed a deep elf mage
  9823 | D:9      | Noticed a demonic crawler
  9829 | D:9      | Noticed a smoke demon
  9829 | D:9      | Killed a deep elf mage
  9829 | D:9      | Reached XP level 10. HP: 19/75 MP: 1/15
 10957 | D:9      | Killed Ihryk's ghost
 11021 | D:10     | Entered Level 10 of the Dungeon
 11037 | D:10     | Found a staircase to the Lair.
 11191 | D:10     | Learned a level 3 spell: Conjure Flame
 11454 | D:10     | Reached skill level 1 in Hexes
 11647 | D:10     | Found a staircase to the Orcish Mines.
 12318 | Lair:1   | Entered Level 1 of the Lair of Beasts
 12338 | Lair:1   | Noticed a spiny frog
 12352 | Lair:1   | Killed a spiny frog
 12352 | Lair:1   | Reached skill level 5 in Long Blades
 12370 | Lair:1   | Reached skill level 1 in Fighting
 12710 | Lair:1   | Noticed a black mamba
 12719 | Lair:1   | Killed a black mamba
 12729 | Lair:1   | Noticed a spiny frog
 12738 | Lair:1   | Killed a spiny frog
 12808 | Lair:1   | Reached skill level 5 in Dodging
 12898 | Lair:1   | Gained mutation: You are missing a hand. [Ru sacrifice]
 12898 | Lair:1   | Reached * piety under Ru
 12898 | Lair:1   | Reached ** piety under Ru
 12898 | Lair:1   | Reached *** piety under Ru
 13502 | Lair:2   | Noticed a spiny frog
 13511 | Lair:2   | Noticed a spiny frog
 13517 | Lair:2   | Reached XP level 11. HP: 43/86 MP: 13/13
 14037 | Lair:2   | Found a hole to the Spider Nest.
 14234 | Lair:2   | Got a pitted trident
 14235 | Lair:2   | Identified the +2 trident of Muboifor {pierce, *Noise rPois
                  | Str+9 Stlth+} (You found it on level 2 of the Lair of
                  | Beasts)
 15051 | Lair:3   | Found a sparkling altar of Nemelex Xobeh.
 16386 | Lair:4   | Found a dark tunnel.
 16395 | Volcano  | Entered a volcano
 16754 | Volcano  | Found a burning altar of Makhleb.
 16754 | Volcano  | Noticed a two-headed ogre
 16754 | Volcano  | Noticed an ogre mage
 16754 | Volcano  | Noticed a two-headed ogre
 16754 | Volcano  | Noticed a two-headed ogre
 16767 | Volcano  | Killed a two-headed ogre
 16780 | Volcano  | Killed an ogre mage
 16805 | Volcano  | Killed a two-headed ogre
 16875 | Lair:4   | Found a runed translucent gate.
 16875 | Lair:4   | Found a runed translucent gate.
 16875 | Lair:4   | Found a runed translucent gate.
 16883 | Lair:4   | Noticed Ihryk's ghost (journeyman DDFi)
 16962 | Lair:4   | Found a staircase to the Shoals.
 17247 | Lair:4   | Reached skill level 5 in Ice Magic
 17526 | Lair:4   | Noticed a death yak
 17563 | Lair:4   | Noticed a death yak
 17563 | Lair:4   | Noticed a death yak
 17690 | Lair:3   | HP: 2/93 [death yak (24)]
 17694 | Lair:3   | Mangled by a death yak

Skill      XL: |  1  2  3  4  5  6  7  8  9 10 11 |
---------------+----------------------------------+-----
Summonings     | 4 5 6 7 8 9 |  9.7
Spellcasting   | 2 3 4 5 6 8 |  8.5
Ice Magic      | 1 2 3 5 |  5.1
Long Blades    | 1 3 6 8 |  8.3
Air Magic      | 2 |  2.4
Dodging        | 3 5 7 |  7.2
Hexes          | 1 2 |  2.0
Fighting       | 1 4 |  4.6
Polearms       | |  0.1
Stealth        | |  2.4
Translocations | |  0.2
Poison Magic   | |  0.1

Action                   |  1- 3 |  4- 6 |  7- 9 | 10-12 || total
-------------------------+-------+-------+-------+-------++-------
Melee: Unarmed           |    11 |     2 |       |       ||    13
       Club              |    31 |       |       |       ||    31
       Whip              |    29 |    82 |    52 |       ||   163
       Halberd           |       |       |    63 |       ||    63
       Falchion          |       |       |   117 |   273 ||   390
 Cast: Summon Small Mamm |    44 |    17 |     7 |       ||    68
       Call Canine Famil |     6 |    20 |    46 |    50 ||   122
       Call Imp          |     2 |    18 |    13 |     9 ||    42
       Summon Ice Beast  |       |       |    16 |    27 ||    43
       Summon Guardian G |       |       |     7 |    13 ||    20
       Summon Lightning  |       |       |    18 |    41 ||    59
       Blink             |       |       |     1 |     4 ||     5
       Magic Dart        |       |       |       |     2 ||     2
       Mephitic Cloud    |       |       |       |     1 ||     1
Invok: Sacrifice Purity  |       |       |     1 |       ||     1
       Draw Out Power    |       |       |       |     6 ||     6
       Sacrifice a Hand  |       |       |       |     1 ||     1
 Abil: Heal Wounds       |     2 |     3 |    13 |    26 ||    44
  Use: Scroll            |     4 |     6 |    13 |     7 ||    30
       Potion            |       |     2 |     2 |    15 ||    19
 Stab: Sleeping          |     5 |     2 |     5 |       ||    12
       Distracted        |     2 |     3 |     1 |     7 ||    13
       Invisible         |       |       |       |     5 ||     5
  Eat: Chunk             |     4 |     2 |    21 |    17 ||    44
       Ration            |       |     2 |     3 |     3 ||     8
Armor: Robe              |    12 |    10 |    82 |    51 ||   155
Dodge: Dodged            |    52 |    43 |   157 |   220 ||   472
       Rpst.: Falchion   |       |       |    26 |    57 ||    83
